 Dungeon Crawl Stone Soup version 0.23-a0-837-ga3e6480 (webtiles) character file.

665 poirepourri the Cleaver (level 7, 29/61 HPs)
             Began as a Deep Dwarf Fighter on Jan 24, 2019.
             Was an Initiate of Makhleb.
             Quit the game on level 5 of the Dungeon.
             The game lasted 00:03:26 (3615 turns).

poirepourri the Cleaver (Deep Dwarf Fighter)        Turns: 3615, Time: 00:03:27

Health: 29/61      AC:  8    Str: 20    XL:     7   Next: 31%
Magic:  6/6        EV:  7    Int:  8    God:    Makhleb [......]
Gold:   282        SH:  9    Dex: 14    Spells: 6/6 levels left

rFire    x . .     SeeInvis .   a - +1 war axe
rCold    + . .     Gourm    .   c - +0 shield
rNeg     . . .     Faith    .   m - +0 scale mail
rPois    .         Spirit   .   (no helmet)
rElec    .         Reflect  .   (no cloak)
rCorr    .         Harm     .   (no gloves)
MR       +....                  p - +0 pair of boots
Stlth    ..........             (no amulet)
HPRegen  0.00/turn              g - ring of ice
MPRegen  0.10/turn              (no ring)

@: non-regenerating
A: damage resistance, heal wounds, sense surroundings 1, no regeneration
a: Heal Wounds, Renounce Religion


You were on level 5 of the Dungeon.
You worshipped Makhleb.
Makhleb was noncommittal.
You were not hungry.

You visited 2 branches of the dungeon, and saw 6 of its levels.

You collected 282 gold pieces.

Inventory:

Hand Weapons
 a - a +1 war axe (weapon)
Armour
 b - a +0 scale mail
 c - a +0 shield (worn)
 m - a +0 scale mail (worn)
 p - a +0 pair of boots (worn)
Jewellery
 g - a ring of ice (left hand)
Scrolls
 j - 6 scrolls of teleportation
 r - a scroll of fog
 t - 3 scrolls of blinking
 v - a scroll of fear
Potions
 e - 2 potions of ambrosia
 h - 2 potions of heal wounds
 i - a potion of brilliance {unknown}
 l - a potion of lignification {unknown}
 n - a potion of invisibility {unknown}
 o - a potion of flight {unknown}
 q - 2 potions of haste {unknown}
 s - 4 potions of curing
 u - 2 potions of mutation {unknown}
Comestibles
 f - 9 rations


   Skills:
 - Level 2.6 Fighting
 + Level 9.1 Axes
 - Level 3.2 Armour
 - Level 3.2 Shields


You had 6 spell levels left.
You didn't know any spells.
Your spell library was empty.

Dungeon Overview and Level Annotations

Branches:
Dungeon (5/15)             Temple (1/1) D:4

Altars:
Ashenzari
Cheibriados
Dithmenos
Fedhas
Gozag
Makhleb
Nemelex Xobeh
Qazlal
Ru
Sif Muna
Trog
Vehumet
Wu Jian
Zin
The Shining One


Innate Abilities, Weirdness & Mutations

You are resistant to damage.
You can heal yourself by infusing magical energy.
You passively map a small area around you.
You do not regenerate.


Message History

You are too injured to fight recklessly!
You are too injured to fight recklessly!
You are too injured to fight recklessly!
You are too injured to fight recklessly!
You are too injured to fight recklessly!
You are too injured to fight recklessly!
You are too injured to fight recklessly!
You are too injured to fight recklessly!
You are too injured to fight recklessly!
You are too injured to fight recklessly!
There is a stone staircase leading up here.
Done exploring.
Done exploring.
Done exploring.
You are too injured to fight recklessly!
You are too injured to fight recklessly!
You are too injured to fight recklessly!
You are too injured to fight recklessly!
You are too injured to fight recklessly!
Are you sure you want to abandon this character and quit the game? (Confirm with "yes".)

.###...#...####....#...#...#
...........................#
.....#...........###....##.#
....###..........##........#
....###....#.............###
...........#...##.........#
.......###...........##...##
.....#.#.....##............#
.......##..#..##@..##....†.#####
..............###..##.....##...##
..#.#.........###...............#
....#.........#.................#
...##...........................#
....<.........#..................
.......##.##.............###.....
....#..##.##........#....#...####
.......)...........##.........##


There were no monsters in sight!

Vanquished Creatures
  2 ogres (D:5)
  A wyvern skeleton (D:5)
  A crimson imp (D:5)
  2 orc priests
  3 orc wizards
  An iguana (D:4)
  2 worker ants
  A hound skeleton (D:3)
  5 adders
  An ooze (D:2)
  A worm (D:2)
  3 dart slugs
  2 leopard geckos
  16 orcs
  2 ball pythons
  10 bats
  A giant cockroach (D:2)
  6 goblins
  10 hobgoblins
  14 jackals
  A quokka (D:5)
  3 frilled lizards
  7 kobolds
  2 quokka zombies (D:5)
  14 rats
111 creatures vanquished.

Notes
Turn   | Place    | Note
-------+----------+-------------------------------------------
     0 | D:1      | poirepourri the Deep Dwarf Fighter began the quest for the
                  | Orb.
     0 | D:1      | Reached XP level 1. HP: 20/20 MP: 1/1
   178 | D:1      | Reached skill level 3 in Axes
   236 | D:1      | Reached XP level 2. HP: 24/27 MP: 2/2
   568 | D:1      | Reached XP level 3. HP: 26/33 MP: 3/3
   704 | D:1      | Reached skill level 4 in Axes
  1590 | D:2      | Reached XP level 4. HP: 29/40 MP: 4/4
  1831 | D:3      | Reached skill level 5 in Axes
  1932 | D:3      | Reached XP level 5. HP: 43/46 MP: 4/4
  1975 | D:3      | Reached skill level 6 in Axes
  2298 | D:3      | Found a blossoming altar of Fedhas.
  2299 | D:3      | Found a sacrificial altar of Ru.
  2484 | D:4      | Reached skill level 7 in Axes
  2484 | D:4      | Reached XP level 6. HP: 54/55 MP: 5/5
  2829 | D:4      | Found a staircase to the Ecumenical Temple.
  3012 | Temple   | Entered the Ecumenical Temple
  3028 | Temple   | Became a worshipper of Makhleb the Destroyer
  3117 | D:5      | Entered Level 5 of the Dungeon
  3117 | D:5      | Found a radiant altar of Vehumet.
  3191 | D:5      | Reached skill level 8 in Axes
  3244 | D:5      | Reached XP level 7. HP: 23/61 MP: 6/6
  3454 | D:5      | Reached skill level 9 in Axes
  3615 | D:5      | Quit the game

Vault maps used:
D:1:      wander_arrival_chamber
D:2:      first_ration
D:3:      gammafunk_temple_overflow_wave, minmay_pentomino_pile
D:4:      minmay_temple_entry_fiery, saegor_snake_ambush
D:5:      vehumet_crystals, nrook_pool_corridor
Temple:   eino_temple_water

Skill      XL: |  1  2  3  4  5  6  7 |
---------------+----------------------+-----
Axes           | 3 4 5 7 8 9 |  9.1
Fighting       | |  2.6
Armour         | |  3.2
Shields        | |  3.2

Action                   |  1- 3 |  4- 6 |  7- 9 || total
-------------------------+-------+-------+-------++-------
Melee: War axe           |   115 |   192 |    11 ||   318
 Abil: Heal Wounds       |       |     1 |     1 ||     2
  Use: Scroll            |     8 |     4 |       ||    12
       Potion            |       |     5 |     2 ||     7
  Eat: Ration            |     1 |     2 |       ||     3
Armor: Scale mail        |    44 |   103 |       ||   147
Dodge: Dodged            |    35 |    87 |     3 ||   125
Block: Shield            |    51 |   128 |     3 ||   182

Table legend:
 A = Non-vault XP
 B = Vault XP
 C = Vault XP percentage of total XP
 D = Non-vault monster count
 E = Vault monster count
 F = Vault count percentage of total count
                 A         B        C        D         E       F
            +---------+---------+-------+---------+---------+-------
      Total |     919 |      32 |   3.4 |     106 |       5 |   4.5
            +---------+---------+-------+---------+---------+-------
        D:1 |      50 |       0 |   0.0 |      28 |       0 |   0.0
        D:2 |      49 |       0 |   0.0 |      21 |       0 |   0.0
        D:3 |     150 |      18 |  10.7 |      36 |       4 |  10.0
        D:4 |     160 |      14 |   8.0 |       6 |       1 |  14.3
        D:5 |     510 |       0 |   0.0 |      15 |       0 |   0.0
            +---------+---------+-------+---------+---------+-------
